 Dungeon Crawl Stone Soup version 0.25-a0-420-g1cc7eeb0d1 (webtiles) character file.

Game seed: 11274027648455394142, levelgen mode: deterministic

33 Esekla the Gusty (level 3, -1/24 HPs)
             Began as a Human Air Elementalist on Jan 19, 2020.
             Slain by an adder (4 damage)
             ... on level 2 of the Dungeon.
             The game lasted 00:08:02 (832 turns).

Esekla the Gusty (Human Air Elementalist)            Turns: 832, Time: 00:08:02

Health: -1/24      AC:  2    Str:  8    XL:     3   Next: 47%
Magic:  4/6        EV: 12    Int: 16    God:
Gold:   80         SH:  0    Dex: 13    Spells: 0/6 levels left

rFire    . . .     SeeInvis .   e - +2 short sword (venom)
rCold    . . .     Gourm    .   (no shield)
rNeg     . . .     Faith    .   a - +0 robe
rPois    .         Spirit   .   (no helmet)
rElec    .         Reflect  .   (no cloak)
rCorr    .         Harm     .   (no gloves)
MR       .....                  (no boots)
Stlth    ++........             (no amulet)
HPRegen  0.08/turn              (no ring)
MPRegen  0.10/turn              (no ring)

@: no status effects
A: no striking features
a: no special abilities


You were on level 2 of the Dungeon.
You were not hungry.

You visited 1 branch of the dungeon, and saw 2 of its levels.

You collected 80 gold pieces.

Inventory:

Hand Weapons
 b - a +0 dagger
 e - a +2 short sword of venom (weapon)
Armour
 a - a +0 robe (worn)
 g - a +0 pair of boots
Scrolls
 d - a scroll of identify {unknown}
 f - a scroll of enchant armour {unknown}
Potions
 h - a potion of invisibility {unknown}
Comestibles
 c - a ration


   Skills:
 + Level 0.6 Short Blades
 * Level 2.3 Dodging
 - Level 2.0 Stealth
 * Level 2.4 Spellcasting
 * Level 1.4 Conjurations
 + Level 3.4 Air Magic


You couldn't memorise any spells.
You knew the following spells:

 Your Spells              Type           Power        Failure   Level  Hunger
a - Shock                 Conj/Air       #...         8%          1    #......
b - Swiftness             Chrm/Air       #.......     16%         2    ###....
c - Static Discharge      Conj/Air       #.......     22%         3    ###....

Your spell library contained the following spells:

 Spells                   Type           Power        Failure   Level  Hunger
 Airstrike                Air            ##........   43%         4    #####..
 Lightning Bolt           Conj/Air       #.........   90%         5    ######.


Dungeon Overview and Level Annotations

Branches:
Dungeon (2/15)

Altars:

Annotations:
D:2 Terence


Message History

* * * LOW HITPOINT WARNING * * *
Casting: Shock (safe; 8% risk of failure)
Confirm with . or Enter, or press ? or * to list all spells.
Aiming: Shock (safe; 8% risk of failure)
Press: ? - help, Shift-Dir - straight line The zap hits the adder.
The adder is moderately wounded.
The zap hits the rat.
You kill the rat!
The zap hits the adder.
The adder is almost dead.
The adder closely misses you.
Casting: Shock (safe; 8% risk of failure)
Confirm with . or Enter, or press ? or * to list all spells.
Aiming: Shock (safe; 8% risk of failure)
Press: ? - help, Shift-Dir - straight line The zap misses the adder.
The zap hits the ball python.
You kill the ball python!
The zap misses the adder.
The adder bites you.
You die...

#......# #............
#......####............
#...S@......####..
#@####..?.<....... #S#
#.......###.. #.#
#.......# #####.#
#.........
#.....####.......###
#.##.†S@.........#
#.######......# #.
.......# ##


You could see an adder.

Vanquished Creatures
  An adder (D:1)
  A leopard gecko (D:1)
  2 giant cockroaches (D:1)
  2 goblins (D:1)
  2 hobgoblins (D:1)
  4 jackals (D:1)
  A ball python (D:2)
  3 bats
  5 kobolds (D:1)
  3 rats
24 creatures vanquished.

Notes
Turn   | Place    | Note
-------+----------+-------------------------------------------
     0 | D:1      | Esekla the Human Air Elementalist began the quest for the
                  | Orb.
     0 | D:1      | Reached XP level 1. HP: 13/13 MP: 3/3
   234 | D:1      | Reached XP level 2. HP: 18/19 MP: 5/5
   549 | D:1      | Reached XP level 3. HP: 19/24 MP: 6/6
   585 | D:1      | Learned a level 2 spell: Swiftness
   589 | D:1      | Learned a level 3 spell: Static Discharge
   680 | D:2      | Noticed Terence
   832 | D:2      | Slain by an adder

Levels and vault maps discovered:
D:1:      ebering_trefoil_3fold, layout_loops_ring
D:2:      layout_basic, lemuel_blue_sif_altar, uniq_terence, uniq_natasha,
          uniq_robin

Action                   || total
-------------------------++-------
Melee: Short sword       ||    34
       Dagger            ||     7
 Cast: Shock             ||    16
 Stab: Sleeping          ||     1
Armor: Robe              ||    22
Dodge: Dodged            ||    39

Table legend:
 A = Non-vault XP
 B = Vault XP
 C = Vault XP percentage of total XP
 D = Non-vault monster count
 E = Vault monster count
 F = Vault count percentage of total count
                 A         B        C        D         E       F
            +---------+---------+-------+---------+---------+-------
      Total |      48 |       0 |   0.0 |      24 |       0 |   0.0
            +---------+---------+-------+---------+---------+-------
        D:1 |      45 |       0 |   0.0 |      21 |       0 |   0.0
        D:2 |       3 |       0 |   0.0 |       3 |       0 |   0.0
            +---------+---------+-------+---------+---------+-------
